 Dungeon Crawl Stone Soup version 0.29.1-12-g30fa7ad0bf (webtiles) character file.

Game seed: 2593173908725717168

132 hawla the Chiller (level 5, -4/38 HPs)
             Began as a Meteoran Ice Elementalist on Jan 6, 2023.
             Slain by an iguana (9 damage)
             ... on level 4 of the Dungeon.
             The game lasted 00:02:17 (502 turns).

hawla the Chiller (Meteoran Ice Elementalist)        Turns: 502, Time: 00:02:18

Health: -4/38      AC:  2    Str:  9    XL:     5   Next: 66%
Magic:  3/11       EV: 13    Int: 18    God:
Gold:   38         SH:  0    Dex: 15    Spells: 3/11 levels left

rFire   . . .      SeeInvis .   (no weapon)
rCold   . . .      Faith    .   (no shield)
rNeg    . . .      Spirit   .   a - +0 robe
rPois   .          Reflect  .   (no helmet)
rElec   .          Harm     .   (no cloak)
rCorr   .          Rampage  .   (no gloves)
Will    .....                   (no boots)
Stlth   +.........              (no amulet)
HPRegen 0.12/turn               (no ring)
MPRegen 0.12/turn               (no ring)

@: weak-willed, very slightly contaminated, glowing
A: sense surroundings 1, otherworldly, glowing, explore regen
a: no special abilities


You were on level 4 of the Dungeon.
You visited 1 branch of the dungeon, and saw 4 of its levels.

You collected 38 gold pieces.

Inventory:

Armour
 a - a +0 robe (worn)
Wands
 b - a wand of flame (21)
Potions
 c - a potion of flight
 e - a potion of attraction {unknown}
 f - a potion of berserk rage {unknown}
 h - a potion of mutation {unknown}


   Skills:
 - Level 2.7 Dodging
 - Level 1.4 Stealth
 - Level 3.6 Spellcasting
 + Level 2.0 Conjurations
 - Level 6.0 Ice Magic


You had 3 spell levels left.
You knew the following spells:

 Your Spells              Type           Power      Damage    Failure   Level
a - Freeze                Ice            96%        1d11      1%          1
b - Frozen Ramparts       Ice            48%        1d8       3%          3
c - Hailstorm             Conj/Ice       17%        3d6       28%         4

Your spell library contained the following spells:

 Spells                   Type           Power      Damage    Failure   Level
 Ozocubu's Armour         Ice            24%        N/A       3%          3


Dungeon Overview and Level Annotations

Branches:
Dungeon (4/15) Zot: 1897
 Temple: D:4-7

Altars:


Innate Abilities, Weirdness & Mutations

You passively map a small area around you.
You are easily found by Zot.
You glow in the dark.
You regain HP and MP as you explore.


Message History

The iguana seems to slow down.
Casting: Freeze (safe; 1% risk of failure)
Confirm with . or Enter, or press ? or * to list all spells.
Aiming: Freeze (safe; 1% risk of failure)
Press: ? - help, Shift-Dir - straight line, f/p - iguana
Aim: an iguana (moderately wounded, slow)
You freeze the iguana.
The iguana is heavily wounded.
The wall freezes the iguana.
The iguana bites you!
An orc warrior comes into view. It is wielding a +0 dire flail.
The wall freezes the orc!
You kill the orc!
The orc wizard casts a spell at you.
You are confused.
Unknown command.
You're too confused to cast spells.
Sorry, you're not good enough to have a special ability.
Unknown command.
The orc warrior shouts!
You hear a shout! x2
The wall freezes the iguana but does no damage.
The iguana bites you!
Something unseen opens the door.
You feel better.
The wall freezes the orc but does no damage.
The wall freezes the orc wizard.
An orc comes into view. It is wielding a +0 war axe.
Casting: Freeze (safe; 1% risk of failure)
Confirm with . or Enter, or press ? or * to list all spells.
The spell is extremely dangerous to miscast (28% risk of failure)!
Continue anyway?
Casting: Hailstorm (extremely dangerous; 28% risk of failure)
Press: ? - help, Dir - look around, f - activate You miscast Hailstorm.
You are very lightly contaminated with residual magic.
A chill runs through your body!
The wall freezes the iguana.
The iguana seems to slow down.
The iguana bites you!
* * * LOW HITPOINT WARNING * * *
The orc wizard barely misses you.
As you read the scroll labelled UPOUGG XESINE, it crumbles to dust.
Magic quickly surges around you.
It was a scroll of vulnerability.
The frozen ramparts melt away.
The iguana bites you!
You die...

#.##..#*### *
##.##..###.###..###..
,*
,#..#....#....#.......,
#..#....#....#....... *
, #..#....#....#...o. ,
#..'....#....#.... , ,,
######..##..##)o# + **
+ #..##..##l.###.# , ,,
#..'....@o.....# , ,,,
, , #..#....o......' ,
*, , #..#...........# ,
, , ,, #..#...........#
, , , ################
* * *


You could see an orc warrior (weak-willed), an iguana (slow, weak-willed), an
orc wizard (weak-willed) and 2 orcs.

Vanquished Creatures
  A scorpion (D:4)
  A hound (D:4)
  An iguana (D:3)
  An orc (D:4)
  An endoplasm (D:3)
  4 hobgoblins
  A kobold (D:3)
  A frilled lizard (D:1)
  2 rats
13 creatures vanquished.

Notes
Turn   | Place    | Note
-------+----------+-------------------------------------------
     0 | D:1      | hawla the Meteoran Ice Elementalist began the quest for the
                  | Orb.
     0 | D:1      | Reached XP level 1. HP: 14/14 MP: 5/5
    50 | D:1      | You fall into a shaft and drop 1 floor!
   191 | D:3      | Noticed an iguana
   198 | D:3      | Killed an iguana
   199 | D:3      | Reached skill level 5 in Ice Magic
   199 | D:3      | Reached XP level 2. HP: 20/20 MP: 2/7
   199 | D:3      | Reached XP level 3. HP: 26/26 MP: 2/8
   204 | D:3      | Learned a level 3 spell: Frozen Ramparts
   237 | D:4      | Noticed a scorpion
   248 | D:4      | Killed a scorpion
   249 | D:4      | Reached skill level 6 in Ice Magic
   249 | D:4      | Reached XP level 4. HP: 13/33 MP: 7/10
   249 | D:4      | Reached XP level 5. HP: 15/38 MP: 7/11
   254 | D:4      | Learned a level 4 spell: Hailstorm
   498 | D:4      | Noticed an orc warrior
   502 | D:4      | Slain by an iguana

Illustrated notes

Levels and vault maps discovered:
D:1:      scummos_arrival_gate, layout_basic, minmay_vboxes
D:2:      layout_basic
D:3:      layout_rooms, portal_sewer_entry_d, kennysheep_jessica_study
D:4:      layout_gridville, serial_shops, nicolae_shop_window_shopping

Skill      XL: |  1  2  3  4  5 |
---------------+----------------+-----
Spellcasting   | 3 |  3.6
Ice Magic      | 5 6 |  6.0
Conjurations   | 2 |  2.0
Dodging        | |  2.7
Stealth        | |  1.4

Action                   |  1- 3 |  4- 6 || total
-------------------------+-------+-------++-------
Melee: Unarmed           |     2 |       ||     2
 Cast: Freeze            |    14 |     4 ||    18
       Frozen Ramparts   |     2 |     3 ||     5
  Use: Scroll            |     2 |     1 ||     3
       Potion            |     1 |     1 ||     2
Armor: Robe              |     2 |       ||     2
Dodge: Dodged            |     9 |     4 ||    13
